[ AOE2 MATCH · #476381593 ]
UnrankedTeutons vs Burgundians
[ REPLAY ANALYSIS · EXTRACTED FROM THE RECORDED GAME ]
Feudal
13:04
Castle
18:21
Imperial
41:30
| APM avg | 40.0 |
| APM peak | 78 |
| eAPM avg | 19.9 |
| Villagers / military | 145 / 105 |
Focus
⚔️ 21.5% · 🌾 78.5%
Knight ×98 · Fishing Ship ×8 · Battering Ram ×5 · Unknown (2626) ×2 · Mangonel ×1 · Fire Galley ×1
Feudal
12:56
Castle
17:11
Imperial
39:10
| APM avg | 44.6 |
| APM peak | 82 |
| eAPM avg | 26.2 |
| Villagers / military | 88 / 35 |
Focus
⚔️ 27.8% · 🌾 72.2%
Fishing Ship ×15 · Monk ×8 · Mangonel ×7 · Spearman ×6 · Galley ×5 · Coustillier ×5
Feudal
13:38
Castle
17:57
Imperial
31:23
| APM avg | 27.8 |
| APM peak | 68 |
| eAPM avg | 13.2 |
| Villagers / military | 77 / 41 |
Focus
⚔️ 22.1% · 🌾 77.9%
Arambai ×29 · Fishing Ship ×12 · Mangonel ×5 · Bombard Cannon ×3 · Trebuchet (Packed) ×3 · Battering Ram ×1
Feudal
14:12
Castle
19:35
Imperial
29:18
| APM avg | 23.0 |
| APM peak | 53 |
| eAPM avg | 14.3 |
| Villagers / military | 69 / 43 |
Focus
⚔️ 36.2% · 🌾 63.8%
Skirmisher ×35 · Fishing Ship ×7 · Berserk ×4 · Trebuchet (Packed) ×4
Feudal
15:43
Castle
19:45
Imperial
32:50
| APM avg | 43.8 |
| APM peak | 79 |
| eAPM avg | 24.5 |
| Villagers / military | 117 / 109 |
Focus
⚔️ 29.4% · 🌾 70.6%
Elephant Archer ×89 · Fishing Ship ×23 · Bombard Cannon ×13 · Monk ×2 · Trebuchet (Packed) ×2 · Mangonel ×1
Feudal
15:37
Castle
22:29
Imperial
—
| APM avg | 50.3 |
| APM peak | 87 |
| eAPM avg | 31.7 |
| Villagers / military | 216 / 140 |
Focus
⚔️ 46.7% · 🌾 53.3%
Fire Galley ×92 · Knight ×31 · Fishing Ship ×28 · Galley ×14 · Scout Cavalry ×3 · Unknown (2626) ×2
Feudal
14:38
Castle
20:17
Imperial
38:03
| APM avg | 27.1 |
| APM peak | 46 |
| eAPM avg | 14.3 |
| Villagers / military | 87 / 90 |
Focus
⚔️ 37.7% · 🌾 62.3%
Samurai ×73 · Fishing Ship ×24 · Fire Galley ×8 · Demolition Raft ×5 · Trebuchet (Packed) ×3 · Galley ×1
Feudal
13:00
Castle
18:04
Imperial
34:19
| APM avg | 68.4 |
| APM peak | 147 |
| eAPM avg | 50.0 |
| Villagers / military | 241 / 113 |
Focus
⚔️ 67.1% · 🌾 32.9%
Huskarl ×56 · Galley ×52 · Fishing Ship ×13 · Trebuchet (Packed) ×5
Match map
Initial resources + every placement click. Lines = walls · curves = elevation contours. ◆ gold · ⬟ stone · ● berries · ✦ relic · ◌ wall gap
Your base· Open — 14t gap
timduglass's base· Open — 14t gap
Sell_my_vills_for_wood's base· Open — unwalled flank
Com2us's base· Open — 6t gap
bipeng2008's base· Open — unwalled flank
rama xstar's base· Open — 7t gap
Williii's base· Open — unwalled flank
ulusan.ersan's base· Open — 8t gap
Smoothed initial terrain · ◌ = detected wall gap · hover for details
Inputs per minute
— Over_Easy - - timduglass
Build order — Over_Easy
First 150 of 357 actions detected
| 0:31 | Build | Town Center |
| 0:42 | Build | House |
| 0:47 | Build | Dock |
| 2:50 | Create | Villager (Male) |
| 2:50 | Create | Villager (Male) |
| 2:50 | Create | Villager (Male) |
| 3:14 | Create | Villager (Male) |
| 3:50 | Create | Villager (Male) |
| 3:50 | Create | Villager (Male) |
| 4:02 | Create | Fishing Ship |
| 4:48 | Create | Fishing Ship |
| 4:48 | Create | Fishing Ship |
| 4:56 | Create | Villager (Male) |
| 4:56 | Create | Villager (Male) |
| 5:00 | Research | Loom |
| 5:03 | Build | House |
| 5:28 | Create | Villager (Male) |
| 5:28 | Create | Villager (Male) |
| 5:48 | Create | Villager (Male) |
| 5:57 | Create | Fishing Ship |
| 5:58 | Create | Fishing Ship |
| 6:20 | Create | Villager (Male) |
| 6:47 | Create | Villager (Male) |
| 6:48 | Create | Fishing Ship |
| 6:52 | Build | House |
| 7:19 | Create | Villager (Male) |
| 7:20 | Create | Villager (Male) |
| 7:20 | Create | Villager (Male) |
| 7:31 | Create | Fishing Ship |
| 7:36 | Build | House |
| 7:59 | Create | Villager (Male) |
| 8:14 | Create | Villager (Male) |
| 8:51 | Create | Villager (Male) |
| 9:02 | Create | Villager (Male) |
| 9:09 | Build | House |
| 9:54 | Create | Villager (Male) |
| 9:59 | Build | Mining Camp |
| 10:05 | Create | Villager (Male) |
| 10:54 | Research | Feudal Age |
| 10:54 | Research | Feudal Age |
| 11:12 | Create | Fishing Ship |
| 12:51 | Build | Barracks |
| 12:57 | Create | Villager (Male) |
| 12:57 | Create | Villager (Male) |
| 13:04 | Age | Feudal Age |
| 13:07 | Create | Unit 2626 |
| 13:09 | Create | Villager (Male) |
| 13:56 | Build | Blacksmith |
| 14:02 | Create | Villager (Male) |
| 14:13 | Create | Unit 2626 |
| 14:42 | Create | Villager (Male) |
| 15:09 | Build | Stable |
| 15:13 | Create | Villager (Male) |
| 15:41 | Research | Castle Age |
| 15:41 | Research | Castle Age |
| 15:41 | Research | Castle Age |
| 15:47 | Build | Mill |
| 15:51 | Build | Lumber Camp |
| 16:21 | Create | Villager (Male) |
| 16:33 | Create | Fire Galley |
| 16:35 | Create | Villager (Male) |
| 16:45 | Research | Double-Bit Axe |
| 16:46 | Build | Farm |
| 16:49 | Build | Farm |
| 16:50 | Build | Farm |
| 16:52 | Research | Bloodlines |
| 17:10 | Build | Farm |
| 17:13 | Build | Farm |
| 17:34 | Build | House |
| 17:35 | Build | House |
| 17:41 | Build | House |
| 18:21 | Age | Castle Age |
| 18:35 | Build | Town Center |
| 18:44 | Create | Knight |
| 18:44 | Create | Knight |
| 18:49 | Create | Villager (Male) |
| 19:24 | Create | Villager (Male) |
| 19:28 | Create | Knight |
| 19:35 | Build | Town Center |
| 19:45 | Create | Villager (Male) |
| 19:47 | Create | Villager (Male) |
| 20:08 | Create | Villager (Male) |
| 20:18 | Create | Villager (Male) |
| 20:25 | Create | Villager (Male) |
| 20:27 | Build | Farm |
| 20:40 | Create | Villager (Male) |
| 20:45 | Create | Villager (Male) |
| 20:49 | Build | Farm |
| 20:49 | Build | Farm |
| 20:49 | Build | Farm |
| 20:49 | Build | Farm |
| 20:50 | Build | Farm |
| 20:56 | Create | Villager (Male) |
| 21:11 | Create | Villager (Male) |
| 21:16 | Create | Knight |
| 21:40 | Create | Villager (Male) |
| 21:40 | Create | Villager (Male) |
| 21:53 | Create | Villager (Male) |
| 22:01 | Create | Villager (Male) |
| 22:09 | Create | Villager (Male) |
| 22:14 | Build | Siege Workshop |
| 22:15 | Create | Villager (Male) |
| 22:18 | Build | Farm |
| 22:21 | Build | Farm |
| 22:22 | Build | Farm |
| 22:27 | Build | Farm |
| 22:40 | Create | Villager (Male) |
| 22:45 | Build | Farm |
| 22:58 | Create | Villager (Male) |
| 23:25 | Create | Villager (Male) |
| 23:25 | Create | Villager (Male) |
| 23:33 | Create | Villager (Male) |
| 23:35 | Create | Battering Ram |
| 23:35 | Create | Battering Ram |
| 23:38 | Build | House |
| 23:39 | Build | House |
| 23:41 | Build | Farm |
| 24:06 | Create | Villager (Male) |
| 24:10 | Create | Knight |
| 24:11 | Create | Knight |
| 24:13 | Create | Villager (Male) |
| 24:18 | Build | Farm |
| 24:22 | Build | Farm |
| 24:38 | Create | Mangonel |
| 24:42 | Create | Battering Ram |
| 24:47 | Create | Villager (Male) |
| 24:47 | Create | Villager (Male) |
| 24:48 | Create | Villager (Male) |
| 25:00 | Build | Market |
| 25:02 | Create | Villager (Male) |
| 25:03 | Create | Villager (Male) |
| 25:08 | Build | Farm |
| 25:11 | Create | Villager (Male) |
| 25:12 | Create | Villager (Male) |
| 25:12 | Create | Villager (Male) |
| 25:17 | Create | Battering Ram |
| 25:19 | Create | Villager (Male) |
| 25:21 | Build | Farm |
| 25:38 | Create | Villager (Male) |
| 25:47 | Create | Villager (Male) |
| 25:47 | Create | Villager (Male) |
| 25:49 | Build | Farm |
| 25:59 | Create | Villager (Male) |
| 26:07 | Build | House |
| 26:08 | Build | House |
| 26:25 | Create | Villager (Male) |
| 26:28 | Build | House |
| 26:30 | Create | Villager (Male) |
| 26:31 | Create | Battering Ram |
| 26:39 | Create | Villager (Male) |
Build order — timduglass
First 150 of 249 actions detected
| 0:07 | Build | Town Center |
| 0:57 | Build | Dock |
| 2:34 | Create | Villager (Male) |
| 2:35 | Create | Villager (Male) |
| 2:35 | Create | Villager (Male) |
| 2:35 | Create | Villager (Male) |
| 2:35 | Create | Villager (Male) |
| 3:31 | Create | Fishing Ship |
| 3:35 | Create | Villager (Male) |
| 3:35 | Create | Villager (Male) |
| 4:06 | Build | House |
| 4:37 | Create | Villager (Male) |
| 4:50 | Create | Villager (Male) |
| 5:11 | Create | Villager (Male) |
| 5:23 | Create | Fishing Ship |
| 5:23 | Create | Fishing Ship |
| 5:44 | Create | Villager (Male) |
| 5:47 | Build | House |
| 6:13 | Create | Villager (Male) |
| 6:26 | Create | Fishing Ship |
| 6:27 | Create | Fishing Ship |
| 6:36 | Create | Villager (Male) |
| 6:36 | Create | Villager (Male) |
| 7:04 | Create | Villager (Male) |
| 7:12 | Create | Fishing Ship |
| 7:13 | Create | Fishing Ship |
| 7:20 | Create | Villager (Male) |
| 7:45 | Create | Villager (Male) |
| 7:46 | Create | Fishing Ship |
| 7:48 | Build | House |
| 7:52 | Build | House |
| 8:00 | Research | Loom |
| 8:11 | Create | Fishing Ship |
| 8:24 | Create | Villager (Male) |
| 8:38 | Create | Villager (Male) |
| 8:52 | Create | Villager (Male) |
| 8:54 | Create | Fishing Ship |
| 9:36 | Build | Mill |
| 9:39 | Create | Villager (Male) |
| 10:03 | Create | Villager (Male) |
| 10:29 | Build | Mining Camp |
| 10:46 | Research | Feudal Age |
| 10:46 | Research | Feudal Age |
| 11:00 | Build | Dock |
| 11:31 | Build | House |
| 11:57 | Create | Villager (Male) |
| 12:56 | Age | Feudal Age |
| 12:58 | Build | Blacksmith |
| 13:01 | Build | Market |
| 13:27 | Research | Tech 906 |
| 14:13 | Create | Fishing Ship |
| 14:13 | Create | Fishing Ship |
| 14:31 | Research | Castle Age |
| 14:44 | Build | Mining Camp |
| 15:07 | Create | Galley |
| 15:08 | Create | Galley |
| 15:30 | Create | Galley |
| 16:30 | Build | Lumber Camp |
| 16:46 | Research | Double-Bit Axe |
| 16:46 | Research | Double-Bit Axe |
| 16:48 | Create | Villager (Male) |
| 17:11 | Age | Castle Age |
| 17:20 | Build | Castle |
| 17:29 | Create | Villager (Male) |
| 17:30 | Research | Bow Saw |
| 17:42 | Build | Castle |
| 17:49 | Create | Villager (Male) |
| 17:49 | Create | Villager (Male) |
| 17:49 | Create | Villager (Male) |
| 18:05 | Research | War Galley (upgrade) |
| 18:05 | Research | War Galley (upgrade) |
| 18:06 | Create | Villager (Male) |
| 18:06 | Create | Villager (Male) |
| 18:32 | Create | Galley |
| 18:32 | Create | Galley |
| 18:46 | Create | Villager (Male) |
| 18:55 | Research | Horse Collar |
| 18:55 | Research | Horse Collar |
| 19:15 | Create | Fire Galley |
| 19:15 | Create | Fire Galley |
| 19:19 | Create | Villager (Male) |
| 19:26 | Research | Gold Mining |
| 19:27 | Research | Gold Mining |
| 19:30 | Create | Villager (Male) |
| 20:11 | Create | Fire Galley |
| 20:11 | Create | Fire Galley |
| 20:13 | Build | House |
| 20:19 | Create | Villager (Male) |
| 20:51 | Create | Coustillier |
| 20:52 | Create | Coustillier |
| 20:52 | Create | Coustillier |
| 21:01 | Build | Monastery |
| 21:09 | Research | Town Watch |
| 21:35 | Build | Dock |
| 22:08 | Create | Villager (Male) |
| 22:31 | Create | Villager (Male) |
| 22:48 | Create | Fishing Ship |
| 22:48 | Create | Fishing Ship |
| 22:48 | Create | Fishing Ship |
| 22:59 | Create | Monk |
| 23:18 | Build | Town Center |
| 23:31 | Create | Villager (Male) |
| 23:31 | Create | Villager (Male) |
| 23:37 | Build | House |
| 23:39 | Build | House |
| 24:12 | Create | Villager (Male) |
| 24:13 | Create | Villager (Male) |
| 24:16 | Build | Farm |
| 24:18 | Build | Farm |
| 24:20 | Build | Farm |
| 24:21 | Build | Farm |
| 24:36 | Create | Villager (Male) |
| 24:36 | Create | Villager (Male) |
| 24:37 | Create | Villager (Male) |
| 24:50 | Build | Siege Workshop |
| 25:01 | Build | Farm |
| 25:04 | Build | Farm |
| 25:13 | Build | Lumber Camp |
| 25:15 | Build | Farm |
| 25:16 | Build | Farm |
| 25:18 | Build | Farm |
| 25:22 | Create | Villager (Male) |
| 25:22 | Create | Villager (Male) |
| 25:45 | Create | Mangonel |
| 26:02 | Create | Villager (Male) |
| 26:02 | Create | Villager (Male) |
| 26:03 | Create | Villager (Male) |
| 26:03 | Create | Villager (Male) |
| 26:16 | Create | Villager (Male) |
| 26:42 | Create | Mangonel |
| 27:09 | Create | Villager (Male) |
| 27:09 | Create | Villager (Male) |
| 27:10 | Create | Villager (Male) |
| 27:16 | Create | Villager (Male) |
| 28:02 | Create | Villager (Male) |
| 28:03 | Create | Villager (Male) |
| 28:07 | Build | Farm |
| 28:19 | Create | Villager (Male) |
| 28:19 | Create | Villager (Male) |
| 28:50 | Build | House |
| 28:53 | Build | House |
| 28:54 | Build | House |
| 28:55 | Build | House |
| 29:00 | Create | Mangonel |
| 29:17 | Build | House |
| 29:18 | Build | House |
| 29:28 | Create | Villager (Male) |
| 29:29 | Create | Villager (Male) |
| 29:33 | Create | Villager (Male) |
| 29:33 | Create | Villager (Male) |
Build order — Sell_my_vills_for_wood
First 150 of 211 actions detected
| 0:19 | Build | Town Center |
| 0:33 | Build | Dock |
| 0:41 | Build | House |
| 2:40 | Create | Villager (Male) |
| 2:41 | Create | Villager (Male) |
| 2:41 | Create | Villager (Male) |
| 2:41 | Create | Villager (Male) |
| 2:41 | Create | Villager (Male) |
| 4:08 | Create | Villager (Male) |
| 4:08 | Create | Villager (Male) |
| 4:40 | Research | Loom |
| 4:43 | Create | Fishing Ship |
| 4:43 | Create | Fishing Ship |
| 5:11 | Create | Villager (Male) |
| 5:11 | Create | Villager (Male) |
| 5:39 | Build | House |
| 5:43 | Create | Villager (Male) |
| 5:44 | Create | Villager (Male) |
| 5:48 | Create | Fishing Ship |
| 5:48 | Create | Fishing Ship |
| 6:20 | Create | Villager (Male) |
| 6:20 | Create | Villager (Male) |
| 6:21 | Create | Villager (Male) |
| 6:41 | Create | Villager (Male) |
| 6:42 | Create | Villager (Male) |
| 6:53 | Create | Fishing Ship |
| 6:54 | Create | Fishing Ship |
| 7:01 | Build | House |
| 7:06 | Create | Villager (Male) |
| 7:06 | Create | Villager (Male) |
| 7:07 | Create | Villager (Male) |
| 7:20 | Create | Villager (Male) |
| 7:20 | Create | Villager (Male) |
| 7:40 | Create | Fishing Ship |
| 7:40 | Create | Fishing Ship |
| 7:40 | Create | Fishing Ship |
| 7:47 | Build | House |
| 8:05 | Create | Villager (Male) |
| 8:06 | Create | Villager (Male) |
| 8:17 | Create | Fishing Ship |
| 8:22 | Build | Palisade Wall |
| 8:37 | Build | Palisade Gate |
| 8:39 | Create | Villager (Male) |
| 8:40 | Create | Villager (Male) |
| 8:40 | Create | Villager (Male) |
| 8:40 | Create | Villager (Male) |
| 8:53 | Create | Fishing Ship |
| 9:05 | Create | Villager (Male) |
| 9:14 | Build | House |
| 9:15 | Create | Villager (Male) |
| 9:31 | Create | Villager (Male) |
| 10:06 | Create | Villager (Male) |
| 10:07 | Create | Villager (Male) |
| 10:17 | Build | House |
| 10:22 | Build | Mining Camp |
| 10:43 | Build | House |
| 11:21 | Build | House |
| 11:26 | Research | Feudal Age |
| 11:49 | Create | Fishing Ship |
| 12:14 | Build | Mill |
| 12:51 | Build | Palisade Wall |
| 12:53 | Create | Villager (Male) |
| 12:54 | Create | Villager (Male) |
| 13:24 | Build | Palisade Wall |
| 13:27 | Build | Palisade Wall |
| 13:30 | Build | Palisade Wall |
| 13:38 | Age | Feudal Age |
| 13:48 | Build | Blacksmith |
| 13:55 | Build | Market |
| 14:07 | Build | Market |
| 15:17 | Research | Castle Age |
| 15:21 | Build | House |
| 15:24 | Build | Palisade Wall |
| 15:29 | Build | House |
| 15:40 | Build | Outpost |
| 16:37 | Build | Palisade Wall |
| 17:36 | Build | Palisade Wall |
| 17:57 | Age | Castle Age |
| 18:12 | Build | Castle |
| 18:21 | Build | House |
| 18:23 | Create | Villager (Male) |
| 18:43 | Build | House |
| 18:53 | Build | Palisade Wall |
| 18:56 | Create | Villager (Male) |
| 18:56 | Create | Villager (Male) |
| 18:57 | Create | Villager (Male) |
| 19:01 | Create | Villager (Male) |
| 19:10 | Build | Mining Camp |
| 19:33 | Build | Siege Workshop |
| 19:35 | Create | Villager (Male) |
| 20:12 | Create | Villager (Male) |
| 20:21 | Create | Arambai |
| 20:22 | Create | Arambai |
| 20:39 | Build | Palisade Wall |
| 20:41 | Create | Villager (Male) |
| 20:44 | Create | Arambai |
| 20:44 | Create | Arambai |
| 20:45 | Create | Arambai |
| 21:16 | Create | Mangonel |
| 21:16 | Create | Mangonel |
| 21:16 | Create | Mangonel |
| 21:33 | Create | Villager (Male) |
| 21:37 | Create | Villager (Male) |
| 21:40 | Create | Arambai |
| 21:41 | Create | Arambai |
| 21:41 | Create | Arambai |
| 22:02 | Create | Villager (Male) |
| 22:12 | Create | Arambai |
| 22:19 | Build | Farm |
| 22:21 | Build | Farm |
| 22:22 | Build | Farm |
| 22:23 | Build | Farm |
| 22:31 | Build | House |
| 22:35 | Build | House |
| 22:38 | Create | Arambai |
| 22:39 | Create | Arambai |
| 22:43 | Create | Arambai |
| 22:44 | Create | Arambai |
| 23:01 | Create | Villager (Male) |
| 23:11 | Build | Lumber Camp |
| 23:31 | Build | House |
| 23:35 | Build | Palisade Wall |
| 23:46 | Create | Arambai |
| 23:46 | Create | Arambai |
| 23:47 | Create | Villager (Male) |
| 24:12 | Create | Villager (Male) |
| 24:17 | Create | Mangonel |
| 24:36 | Build | House |
| 25:14 | Create | Villager (Male) |
| 26:12 | Create | Villager (Male) |
| 26:15 | Build | Lumber Camp |
| 26:30 | Create | Villager (Male) |
| 26:40 | Create | Mangonel |
| 26:56 | Create | Villager (Male) |
| 27:15 | Build | House |
| 28:13 | Research | Imperial Age |
| 28:28 | Create | Arambai |
| 28:28 | Create | Arambai |
| 28:55 | Build | Fish Trap |
| 29:02 | Create | Arambai |
| 29:03 | Create | Arambai |
| 29:03 | Create | Arambai |
| 29:06 | Research | Padded Archer Armor |
| 29:09 | Create | Villager (Male) |
| 29:23 | Build | University |
| 29:27 | Create | Arambai |
| 29:28 | Create | Arambai |
| 30:00 | Build | Gate |
| 30:30 | Create | Unit 1105 |
| 30:31 | Create | Battering Ram |
Build order — Com2us
First 150 of 251 actions detected
| 0:04 | Build | Town Center |
| 0:09 | Build | House |
| 0:44 | Build | Dock |
| 2:29 | Create | Villager (Male) |
| 2:29 | Create | Villager (Male) |
| 2:29 | Create | Villager (Male) |
| 2:30 | Create | Villager (Male) |
| 3:09 | Research | Loom |
| 3:17 | Create | Villager (Male) |
| 3:43 | Create | Fishing Ship |
| 4:14 | Build | House |
| 4:41 | Create | Fishing Ship |
| 4:56 | Create | Villager (Male) |
| 5:19 | Build | House |
| 5:26 | Create | Villager (Male) |
| 5:56 | Create | Villager (Male) |
| 6:05 | Create | Fishing Ship |
| 6:14 | Create | Villager (Male) |
| 6:47 | Build | House |
| 6:49 | Create | Villager (Male) |
| 7:08 | Create | Fishing Ship |
| 7:15 | Create | Villager (Male) |
| 7:15 | Create | Villager (Male) |
| 7:19 | Build | House |
| 7:30 | Create | Villager (Male) |
| 7:51 | Build | Mill |
| 8:28 | Create | Villager (Male) |
| 8:29 | Create | Fishing Ship |
| 8:44 | Create | Villager (Male) |
| 9:02 | Build | Palisade Wall |
| 9:04 | Build | Palisade Gate |
| 9:16 | Build | Palisade Wall |
| 9:21 | Build | Lumber Camp |
| 9:23 | Create | Villager (Male) |
| 9:24 | Create | Villager (Male) |
| 10:03 | Create | Villager (Male) |
| 10:05 | Create | Fishing Ship |
| 10:42 | Create | Villager (Male) |
| 11:00 | Build | Mining Camp |
| 11:22 | Build | Mill |
| 11:40 | Build | House |
| 12:02 | Research | Feudal Age |
| 12:45 | Create | Villager (Male) |
| 12:46 | Create | Villager (Male) |
| 13:41 | Build | Dock |
| 14:12 | Age | Feudal Age |
| 14:18 | Research | Double-Bit Axe |
| 14:27 | Create | Fishing Ship |
| 14:34 | Research | Gold Mining |
| 14:41 | Create | Villager (Male) |
| 14:51 | Build | Market |
| 14:55 | Create | Villager (Male) |
| 15:27 | Create | Villager (Male) |
| 15:45 | Build | Blacksmith |
| 15:48 | Create | Villager (Male) |
| 16:04 | Build | House |
| 16:31 | Build | Mining Camp |
| 16:55 | Research | Castle Age |
| 16:55 | Research | Castle Age |
| 17:24 | Build | Watch Tower |
| 17:39 | Research | Stone Mining |
| 17:39 | Research | Stone Mining |
| 18:03 | Build | Mining Camp |
| 18:11 | Create | Villager (Male) |
| 18:14 | Build | House |
| 18:27 | Research | Fletching |
| 18:38 | Build | Farm |
| 19:21 | Research | Town Watch |
| 19:29 | Create | Villager (Male) |
| 19:35 | Age | Castle Age |
| 19:54 | Create | Villager (Male) |
| 20:15 | Build | Castle |
| 20:21 | Create | Villager (Male) |
| 20:32 | Create | Villager (Male) |
| 20:39 | Build | Palisade Gate |
| 21:00 | Create | Villager (Male) |
| 21:05 | Build | Farm |
| 21:06 | Build | Farm |
| 21:10 | Build | Farm |
| 21:11 | Build | Farm |
| 21:17 | Build | Farm |
| 21:28 | Create | Berserk |
| 21:28 | Create | Berserk |
| 21:43 | Build | Stone Wall |
| 21:46 | Build | Gate |
| 21:53 | Build | Farm |
| 21:56 | Build | Farm |
| 22:07 | Build | Stone Wall |
| 22:12 | Create | Villager (Male) |
| 22:15 | Build | Farm |
| 22:20 | Build | Farm |
| 22:27 | Build | Gate |
| 22:33 | Create | Villager (Male) |
| 22:37 | Build | Farm |
| 22:39 | Research | Horse Collar |
| 23:23 | Build | Farm |
| 24:13 | Build | Town Center |
| 25:31 | Build | Mill |
| 25:59 | Build | Farm |
| 26:02 | Build | Farm |
| 26:08 | Research | Imperial Age |
| 26:45 | Create | Villager (Male) |
| 26:46 | Create | Villager (Male) |
| 26:59 | Build | Mining Camp |
| 27:17 | Build | Outpost |
| 27:25 | Create | Villager (Male) |
| 27:25 | Create | Villager (Male) |
| 27:28 | Build | Farm |
| 27:31 | Research | Heavy Plow |
| 27:34 | Research | Bow Saw |
| 27:34 | Research | Bow Saw |
| 27:52 | Create | Villager (Male) |
| 27:58 | Create | Villager (Male) |
| 28:00 | Create | Villager (Male) |
| 28:25 | Build | Stone Wall |
| 28:29 | Build | Gate |
| 28:34 | Build | Gate |
| 28:44 | Build | Stone Wall |
| 29:03 | Build | Stone Wall |
| 29:11 | Create | Villager (Male) |
| 29:14 | Create | Villager (Male) |
| 29:18 | Age | Imperial Age |
| 29:20 | Create | Trebuchet (Packed) |
| 29:21 | Create | Trebuchet (Packed) |
| 29:27 | Build | Stone Wall |
| 29:35 | Create | Trebuchet (Packed) |
| 29:41 | Create | Villager (Male) |
| 29:42 | Create | Villager (Male) |
| 30:02 | Build | Gate |
| 30:04 | Build | Stone Wall |
| 30:19 | Create | Villager (Male) |
| 30:19 | Create | Villager (Male) |
| 30:28 | Build | Town Center |
| 30:37 | Build | Outpost |
| 30:39 | Create | Villager (Male) |
| 30:40 | Create | Villager (Male) |
| 31:11 | Create | Trebuchet (Packed) |
| 31:15 | Build | Farm |
| 31:17 | Research | Crop Rotation |
| 31:18 | Research | Crop Rotation |
| 31:19 | Create | Villager (Male) |
| 31:20 | Create | Villager (Male) |
| 31:24 | Create | Villager (Male) |
| 31:24 | Create | Villager (Male) |
| 31:34 | Build | Farm |
| 31:41 | Build | Farm |
| 31:56 | Research | Forging |
| 31:57 | Research | Forging |
| 31:59 | Create | Villager (Male) |
| 31:59 | Create | Villager (Male) |
Build order — bipeng2008
First 150 of 482 actions detected
| 0:11 | Build | Town Center |
| 0:46 | Build | Dock |
| 2:32 | Create | Villager (Male) |
| 2:32 | Create | Villager (Male) |
| 2:32 | Create | Villager (Male) |
| 2:33 | Create | Villager (Male) |
| 2:33 | Create | Villager (Male) |
| 3:17 | Create | Fishing Ship |
| 3:56 | Create | Villager (Male) |
| 4:11 | Build | House |
| 4:30 | Research | Loom |
| 5:02 | Create | Villager (Male) |
| 5:31 | Create | Villager (Male) |
| 5:39 | Create | Fishing Ship |
| 5:50 | Build | House |
| 5:55 | Create | Villager (Male) |
| 5:56 | Create | Villager (Male) |
| 6:25 | Create | Villager (Male) |
| 6:26 | Create | Villager (Male) |
| 6:38 | Create | Fishing Ship |
| 6:54 | Create | Villager (Male) |
| 7:13 | Build | House |
| 7:39 | Create | Villager (Male) |
| 7:40 | Create | Villager (Male) |
| 7:40 | Create | Villager (Male) |
| 7:41 | Create | Fishing Ship |
| 7:53 | Build | Palisade Wall |
| 7:57 | Build | House |
| 8:01 | Create | Villager (Male) |
| 8:20 | Create | Fishing Ship |
| 8:29 | Build | Palisade Wall |
| 8:39 | Create | Villager (Male) |
| 8:52 | Build | Lumber Camp |
| 9:15 | Create | Villager (Male) |
| 9:25 | Create | Fishing Ship |
| 9:40 | Build | Palisade Gate |
| 9:47 | Create | Villager (Male) |
| 9:53 | Build | Palisade Wall |
| 10:07 | Create | Villager (Male) |
| 10:20 | Create | Villager (Male) |
| 10:24 | Build | House |
| 10:26 | Create | Fishing Ship |
| 10:55 | Create | Villager (Male) |
| 11:19 | Create | Fishing Ship |
| 11:20 | Create | Villager (Male) |
| 11:27 | Build | House |
| 11:51 | Create | Villager (Male) |
| 12:01 | Build | Palisade Wall |
| 12:02 | Build | Palisade Wall |
| 12:06 | Build | Dock |
| 12:06 | Create | Fishing Ship |
| 12:15 | Create | Villager (Male) |
| 12:39 | Create | Villager (Male) |
| 12:41 | Create | Fishing Ship |
| 12:43 | Create | Fishing Ship |
| 12:55 | Build | Palisade Wall |
| 12:56 | Build | Palisade Wall |
| 13:06 | Build | Mining Camp |
| 13:08 | Create | Villager (Male) |
| 13:16 | Build | Palisade Wall |
| 13:23 | Build | Palisade Gate |
| 13:30 | Research | Feudal Age |
| 13:32 | Create | Fishing Ship |
| 13:32 | Create | Fishing Ship |
| 13:40 | Build | Palisade Wall |
| 13:47 | Build | Palisade Wall |
| 14:43 | Build | Palisade Wall |
| 14:53 | Build | Mill |
| 15:16 | Build | Palisade Wall |
| 15:22 | Build | Barracks |
| 15:33 | Create | Fishing Ship |
| 15:33 | Create | Fishing Ship |
| 15:43 | Age | Feudal Age |
| 15:47 | Build | Blacksmith |
| 15:50 | Create | Villager (Male) |
| 16:04 | Build | Market |
| 16:08 | Build | Dock |
| 16:15 | Create | Villager (Male) |
| 16:27 | Build | Archery Range |
| 16:31 | Research | Town Watch |
| 16:46 | Build | House |
| 16:48 | Build | Palisade Wall |
| 17:04 | Research | Castle Age |
| 17:11 | Research | Gold Mining |
| 17:12 | Research | Double-Bit Axe |
| 17:12 | Research | Double-Bit Axe |
| 17:22 | Create | Fishing Ship |
| 17:23 | Create | Fishing Ship |
| 17:34 | Build | House |
| 17:36 | Build | Palisade Wall |
| 17:57 | Build | House |
| 18:30 | Research | Tech 906 |
| 18:30 | Research | Tech 906 |
| 18:39 | Build | Dock |
| 18:53 | Create | Villager (Male) |
| 19:00 | Build | House |
| 19:45 | Age | Castle Age |
| 19:51 | Create | Villager (Male) |
| 19:53 | Build | Town Center |
| 20:02 | Build | Town Center |
| 20:08 | Build | Lumber Camp |
| 20:16 | Create | Villager (Male) |
| 20:16 | Research | Wheelbarrow |
| 20:16 | Research | Wheelbarrow |
| 20:20 | Research | Bow Saw |
| 20:21 | Research | Bow Saw |
| 20:25 | Create | Elephant Archer |
| 20:28 | Create | Villager (Male) |
| 20:38 | Create | Villager (Male) |
| 21:01 | Build | Siege Workshop |
| 21:03 | Create | Villager (Male) |
| 21:08 | Create | Elephant Archer |
| 21:10 | Create | Elephant Archer |
| 21:11 | Research | Fletching |
| 21:11 | Research | Fletching |
| 21:13 | Create | Villager (Male) |
| 21:14 | Create | Villager (Male) |
| 21:24 | Create | Villager (Male) |
| 21:25 | Create | Villager (Male) |
| 21:27 | Create | Villager (Male) |
| 21:35 | Create | Villager (Male) |
| 21:37 | Research | Padded Archer Armor |
| 21:38 | Research | Padded Archer Armor |
| 21:40 | Create | Elephant Archer |
| 21:45 | Create | Armored Elephant |
| 21:56 | Create | Villager (Male) |
| 21:57 | Create | Villager (Male) |
| 22:09 | Create | Villager (Male) |
| 22:19 | Research | Bodkin Arrow |
| 22:19 | Research | Bodkin Arrow |
| 22:22 | Create | Villager (Male) |
| 22:26 | Build | University |
| 22:33 | Create | Elephant Archer |
| 22:39 | Create | Mangonel |
| 22:40 | Create | Villager (Male) |
| 22:43 | Create | Villager (Male) |
| 22:57 | Create | Villager (Male) |
| 23:23 | Create | Villager (Male) |
| 23:23 | Create | Villager (Male) |
| 23:23 | Create | Villager (Male) |
| 23:29 | Create | Villager (Male) |
| 23:48 | Create | Villager (Male) |
| 23:48 | Create | Villager (Male) |
| 23:48 | Create | Villager (Male) |
| 23:58 | Build | Town Center |
| 24:00 | Create | Villager (Male) |
| 24:20 | Create | Villager (Male) |
| 24:32 | Create | Villager (Male) |
| 24:36 | Build | Farm |
| 24:36 | Build | Farm |
Build order — rama xstar
First 150 of 563 actions detected
| 0:27 | Build | Town Center |
| 0:31 | Build | House |
| 0:57 | Build | Town Center |
| 1:33 | Build | Dock |
| 3:22 | Create | Villager (Male) |
| 3:22 | Create | Villager (Male) |
| 3:26 | Create | Villager (Male) |
| 3:26 | Create | Villager (Male) |
| 4:05 | Create | Fishing Ship |
| 4:15 | Create | Villager (Male) |
| 4:15 | Create | Villager (Male) |
| 4:15 | Create | Villager (Male) |
| 5:07 | Build | Palisade Wall |
| 5:09 | Build | House |
| 5:39 | Research | Loom |
| 5:41 | Create | Fishing Ship |
| 5:42 | Create | Villager (Male) |
| 6:45 | Create | Villager (Male) |
| 7:05 | Create | Fishing Ship |
| 7:14 | Create | Villager (Male) |
| 7:15 | Create | Villager (Male) |
| 7:25 | Build | House |
| 7:38 | Create | Villager (Male) |
| 7:39 | Create | Villager (Male) |
| 8:06 | Create | Villager (Male) |
| 8:07 | Create | Villager (Male) |
| 8:07 | Create | Villager (Male) |
| 8:07 | Create | Villager (Male) |
| 8:09 | Create | Fishing Ship |
| 8:11 | Build | House |
| 8:43 | Create | Villager (Male) |
| 8:44 | Create | Villager (Male) |
| 8:44 | Create | Villager (Male) |
| 8:46 | Create | Villager (Male) |
| 8:47 | Create | Villager (Male) |
| 8:51 | Create | Fishing Ship |
| 8:51 | Create | Fishing Ship |
| 8:51 | Create | Fishing Ship |
| 9:07 | Build | House |
| 9:08 | Build | Palisade Wall |
| 9:09 | Build | Palisade Wall |
| 9:10 | Create | Villager (Male) |
| 9:10 | Create | Villager (Male) |
| 9:11 | Create | Villager (Male) |
| 9:31 | Build | Palisade Wall |
| 9:32 | Build | Palisade Wall |
| 9:32 | Build | Palisade Wall |
| 9:34 | Create | Villager (Male) |
| 9:38 | Create | Fishing Ship |
| 9:38 | Create | Fishing Ship |
| 9:39 | Create | Fishing Ship |
| 9:40 | Create | Villager (Male) |
| 9:40 | Create | Villager (Male) |
| 10:01 | Create | Villager (Male) |
| 10:02 | Create | Villager (Male) |
| 10:21 | Create | Villager (Male) |
| 10:21 | Create | Villager (Male) |
| 10:25 | Build | House |
| 10:27 | Build | House |
| 10:55 | Create | Fishing Ship |
| 11:04 | Build | House |
| 11:07 | Create | Villager (Male) |
| 11:07 | Create | Villager (Male) |
| 11:08 | Create | Villager (Male) |
| 11:08 | Create | Villager (Male) |
| 11:19 | Create | Villager (Male) |
| 11:22 | Build | Dock |
| 11:33 | Create | Villager (Male) |
| 11:33 | Create | Villager (Male) |
| 11:37 | Create | Villager (Male) |
| 11:37 | Create | Villager (Male) |
| 11:38 | Create | Villager (Male) |
| 11:59 | Create | Villager (Male) |
| 12:03 | Build | House |
| 12:12 | Build | Palisade Wall |
| 12:15 | Build | Palisade Wall |
| 12:16 | Build | Palisade Wall |
| 12:17 | Build | Palisade Wall |
| 12:18 | Create | Villager (Male) |
| 12:23 | Create | Villager (Male) |
| 12:24 | Create | Fishing Ship |
| 12:25 | Create | Fishing Ship |
| 12:34 | Create | Villager (Male) |
| 12:35 | Create | Villager (Male) |
| 12:43 | Build | Lumber Camp |
| 13:24 | Build | Mining Camp |
| 13:27 | Research | Feudal Age |
| 13:27 | Research | Feudal Age |
| 13:37 | Create | Villager (Male) |
| 13:40 | Build | House |
| 13:42 | Build | Palisade Wall |
| 13:43 | Build | Palisade Wall |
| 14:04 | Create | Fishing Ship |
| 14:05 | Create | Fishing Ship |
| 14:24 | Create | Villager (Male) |
| 14:55 | Create | Fishing Ship |
| 14:55 | Create | Fishing Ship |
| 15:04 | Create | Villager (Male) |
| 15:17 | Create | Villager (Male) |
| 15:22 | Create | Villager (Male) |
| 15:26 | Build | Barracks |
| 15:28 | Create | Villager (Male) |
| 15:29 | Create | Villager (Male) |
| 15:35 | Create | Villager (Male) |
| 15:35 | Create | Villager (Male) |
| 15:37 | Age | Feudal Age |
| 15:40 | Create | Galley |
| 15:40 | Create | Galley |
| 15:42 | Create | Villager (Male) |
| 15:42 | Create | Villager (Male) |
| 15:49 | Research | Double-Bit Axe |
| 15:49 | Research | Double-Bit Axe |
| 16:06 | Create | Villager (Male) |
| 16:11 | Create | Villager (Male) |
| 16:13 | Create | Villager (Male) |
| 16:14 | Create | Villager (Male) |
| 16:14 | Create | Villager (Male) |
| 16:25 | Create | Villager (Male) |
| 16:29 | Create | Galley |
| 16:29 | Create | Galley |
| 16:32 | Create | Villager (Male) |
| 16:33 | Create | Villager (Male) |
| 17:02 | Create | Villager (Male) |
| 17:05 | Build | Palisade Wall |
| 17:06 | Build | Palisade Wall |
| 17:10 | Build | Palisade Wall |
| 17:16 | Create | Galley |
| 17:17 | Create | Galley |
| 17:18 | Create | Villager (Male) |
| 17:19 | Create | Villager (Male) |
| 17:26 | Create | Villager (Male) |
| 17:43 | Build | Blacksmith |
| 17:44 | Build | Palisade Wall |
| 17:48 | Create | Villager (Male) |
| 17:49 | Create | Villager (Male) |
| 18:05 | Create | Villager (Male) |
| 18:19 | Create | Galley |
| 18:19 | Create | Galley |
| 18:24 | Research | Fletching |
| 18:24 | Research | Fletching |
| 18:43 | Create | Galley |
| 18:43 | Create | Galley |
| 18:55 | Build | Stable |
| 18:59 | Create | Villager (Male) |
| 18:59 | Create | Villager (Male) |
| 19:11 | Create | Fire Galley |
| 19:11 | Create | Fire Galley |
| 19:11 | Create | Fire Galley |
| 19:11 | Create | Fire Galley |
| 19:36 | Research | Castle Age |
Build order — Williii
First 150 of 321 actions detected
| 1:12 | Build | Town Center |
| 2:32 | Build | Dock |
| 2:33 | Build | House |
| 3:25 | Create | Villager (Male) |
| 3:25 | Create | Villager (Male) |
| 3:25 | Create | Villager (Male) |
| 4:29 | Create | Villager (Male) |
| 4:30 | Create | Fishing Ship |
| 5:00 | Research | Loom |
| 5:10 | Create | Villager (Male) |
| 5:40 | Create | Fishing Ship |
| 5:58 | Create | Villager (Male) |
| 6:30 | Create | Villager (Male) |
| 6:40 | Create | Fishing Ship |
| 6:57 | Create | Villager (Male) |
| 7:19 | Build | House |
| 7:24 | Create | Villager (Male) |
| 7:34 | Create | Fishing Ship |
| 7:34 | Create | Fishing Ship |
| 7:49 | Create | Villager (Male) |
| 8:15 | Create | Villager (Male) |
| 8:16 | Create | Fishing Ship |
| 8:44 | Create | Fishing Ship |
| 8:47 | Create | Villager (Male) |
| 8:56 | Build | House |
| 9:00 | Create | Villager (Male) |
| 9:21 | Build | Outpost |
| 9:27 | Build | House |
| 9:33 | Create | Villager (Male) |
| 9:56 | Create | Fishing Ship |
| 10:00 | Create | Villager (Male) |
| 10:20 | Create | Villager (Male) |
| 10:21 | Create | Fishing Ship |
| 10:38 | Build | House |
| 11:00 | Create | Villager (Male) |
| 11:08 | Build | Mill |
| 11:40 | Build | Lumber Camp |
| 11:45 | Create | Villager (Male) |
| 12:09 | Research | Feudal Age |
| 12:18 | Build | Mining Camp |
| 12:41 | Build | House |
| 12:43 | Build | House |
| 12:45 | Build | House |
| 12:47 | Build | Palisade Wall |
| 13:06 | Create | Fishing Ship |
| 13:07 | Create | Fishing Ship |
| 13:21 | Build | Mill |
| 13:28 | Create | Villager (Male) |
| 13:28 | Create | Villager (Male) |
| 14:02 | Create | Villager (Male) |
| 14:38 | Age | Feudal Age |
| 14:39 | Research | Double-Bit Axe |
| 14:53 | Build | Blacksmith |
| 14:59 | Build | Market |
| 15:04 | Build | House |
| 15:05 | Build | House |
| 15:31 | Research | Tech 906 |
| 15:32 | Create | Villager (Male) |
| 16:00 | Build | Mining Camp |
| 16:12 | Create | Villager (Male) |
| 16:28 | Create | Villager (Male) |
| 16:46 | Create | Villager (Male) |
| 17:19 | Build | Palisade Gate |
| 17:26 | Build | Palisade Wall |
| 17:31 | Create | Villager (Male) |
| 17:34 | Research | Castle Age |
| 18:40 | Create | Fire Galley |
| 18:40 | Create | Fire Galley |
| 19:02 | Create | Fire Galley |
| 19:58 | Create | Galley |
| 20:05 | Create | Fire Galley |
| 20:17 | Age | Castle Age |
| 20:27 | Create | Villager (Male) |
| 20:30 | Research | Bow Saw |
| 20:55 | Create | Villager (Male) |
| 20:56 | Create | Villager (Male) |
| 21:04 | Build | Town Center |
| 21:22 | Build | Castle |
| 21:41 | Create | Villager (Male) |
| 21:41 | Create | Villager (Male) |
| 21:57 | Build | House |
| 22:01 | Create | Villager (Male) |
| 22:25 | Create | Samurai |
| 22:26 | Create | Samurai |
| 22:45 | Build | Dock |
| 22:48 | Build | Dock |
| 22:52 | Research | Wheelbarrow |
| 22:58 | Build | Town Center |
| 23:02 | Create | Samurai |
| 23:02 | Create | Samurai |
| 23:08 | Research | Gold Mining |
| 23:18 | Create | Villager (Male) |
| 23:22 | Research | Gillnets |
| 23:35 | Create | Villager (Male) |
| 23:48 | Create | Samurai |
| 23:48 | Create | Samurai |
| 23:53 | Create | Villager (Male) |
| 24:19 | Create | Fishing Ship |
| 24:19 | Create | Fishing Ship |
| 24:20 | Create | Fishing Ship |
| 24:20 | Create | Fishing Ship |
| 24:24 | Create | Villager (Male) |
| 24:49 | Research | Gold Shaft Mining |
| 24:54 | Create | Villager (Male) |
| 24:54 | Create | Villager (Male) |
| 24:59 | Create | Fishing Ship |
| 24:59 | Create | Fishing Ship |
| 25:03 | Create | Villager (Male) |
| 25:04 | Create | Villager (Male) |
| 25:21 | Create | Samurai |
| 25:22 | Create | Samurai |
| 25:24 | Research | Scale Mail Armor |
| 25:24 | Create | Villager (Male) |
| 25:25 | Create | Villager (Male) |
| 25:39 | Build | Barracks |
| 25:41 | Create | Villager (Male) |
| 25:41 | Create | Villager (Male) |
| 25:45 | Build | House |
| 25:47 | Build | House |
| 25:48 | Build | House |
| 25:55 | Build | Palisade Wall |
| 25:59 | Create | Demolition Raft |
| 25:59 | Create | Demolition Raft |
| 25:59 | Create | Demolition Raft |
| 26:00 | Create | Demolition Raft |
| 26:00 | Create | Demolition Raft |
| 26:08 | Create | Samurai |
| 26:08 | Create | Samurai |
| 26:37 | Research | Squires |
| 26:54 | Create | Villager (Male) |
| 26:55 | Create | Villager (Male) |
| 26:59 | Create | Fishing Ship |
| 26:59 | Create | Fishing Ship |
| 27:00 | Create | Fishing Ship |
| 27:00 | Create | Fishing Ship |
| 27:00 | Create | Fishing Ship |
| 27:01 | Create | Fishing Ship |
| 27:01 | Create | Fishing Ship |
| 27:15 | Create | Samurai |
| 27:15 | Create | Samurai |
| 27:22 | Create | Villager (Male) |
| 27:22 | Create | Villager (Male) |
| 27:28 | Create | Villager (Male) |
| 27:34 | Build | Farm |
| 27:34 | Build | Farm |
| 27:34 | Build | Farm |
| 27:35 | Build | Farm |
| 27:35 | Build | Farm |
| 27:54 | Create | Fire Galley |
| 27:54 | Create | Fire Galley |
Build order — ulusan.ersan
First 150 of 567 actions detected
| 0:08 | Build | Town Center |
| 0:16 | Build | Dock |
| 2:28 | Create | Villager (Male) |
| 2:28 | Create | Villager (Male) |
| 2:28 | Create | Villager (Male) |
| 2:29 | Create | Villager (Male) |
| 3:16 | Create | Villager (Male) |
| 3:16 | Create | Villager (Male) |
| 3:31 | Create | Fishing Ship |
| 4:23 | Build | House |
| 4:34 | Create | Villager (Male) |
| 4:35 | Create | Villager (Male) |
| 4:59 | Create | Villager (Male) |
| 5:00 | Create | Villager (Male) |
| 5:24 | Create | Villager (Male) |
| 5:34 | Create | Villager (Male) |
| 5:35 | Create | Villager (Male) |
| 5:39 | Create | Fishing Ship |
| 6:08 | Build | House |
| 6:14 | Create | Villager (Male) |
| 6:15 | Create | Villager (Male) |
| 6:15 | Create | Villager (Male) |
| 6:52 | Create | Villager (Male) |
| 7:10 | Create | Fishing Ship |
| 7:12 | Create | Villager (Male) |
| 7:14 | Build | House |
| 7:33 | Create | Villager (Male) |
| 7:48 | Create | Fishing Ship |
| 8:04 | Create | Villager (Male) |
| 8:13 | Create | Fishing Ship |
| 8:30 | Create | Villager (Male) |
| 8:35 | Create | Fishing Ship |
| 8:38 | Build | House |
| 9:00 | Create | Villager (Male) |
| 9:15 | Create | Villager (Male) |
| 9:27 | Build | Mill |
| 9:47 | Create | Villager (Male) |
| 10:05 | Create | Fishing Ship |
| 10:10 | Create | Villager (Male) |
| 10:29 | Research | Feudal Age |
| 10:53 | Build | Mining Camp |
| 11:01 | Create | Villager (Male) |
| 11:03 | Create | Fishing Ship |
| 11:06 | Build | House |
| 11:12 | Build | Mining Camp |
| 11:29 | Build | Lumber Camp |
| 11:36 | Create | Villager (Male) |
| 11:59 | Build | Palisade Wall |
| 12:04 | Build | Palisade Wall |
| 12:06 | Build | Palisade Wall |
| 12:10 | Build | Palisade Wall |
| 12:12 | Build | Palisade Wall |
| 12:13 | Build | Palisade Wall |
| 12:26 | Create | Fishing Ship |
| 13:00 | Age | Feudal Age |
| 13:05 | Research | Double-Bit Axe |
| 13:08 | Build | Market |
| 13:10 | Build | Blacksmith |
| 13:42 | Create | Villager (Male) |
| 13:51 | Build | House |
| 14:06 | Create | Villager (Male) |
| 14:25 | Research | Loom |
| 14:33 | Build | Dock |
| 14:46 | Create | Villager (Male) |
| 15:03 | Build | House |
| 15:05 | Build | Palisade Wall |
| 15:10 | Build | Palisade Wall |
| 15:13 | Build | Palisade Wall |
| 15:24 | Research | Castle Age |
| 15:25 | Research | Castle Age |
| 15:36 | Create | Fishing Ship |
| 15:40 | Create | Galley |
| 16:08 | Create | Galley |
| 16:35 | Create | Galley |
| 16:36 | Create | Galley |
| 16:40 | Research | Gold Mining |
| 16:57 | Create | Galley |
| 16:57 | Create | Galley |
| 17:11 | Create | Villager (Male) |
| 17:11 | Create | Villager (Male) |
| 17:17 | Build | Farm |
| 17:17 | Build | Farm |
| 17:18 | Build | Farm |
| 17:18 | Build | Farm |
| 17:21 | Build | Farm |
| 17:21 | Build | Farm |
| 17:28 | Create | Villager (Male) |
| 17:54 | Create | Galley |
| 17:55 | Create | Villager (Male) |
| 18:04 | Age | Castle Age |
| 18:11 | Build | Town Center |
| 18:17 | Build | Palisade Wall |
| 18:25 | Research | Bow Saw |
| 18:31 | Research | Fletching |
| 18:31 | Create | Villager (Male) |
| 18:37 | Create | Galley |
| 19:23 | Create | Villager (Male) |
| 19:24 | Create | Villager (Male) |
| 19:24 | Create | Villager (Male) |
| 19:44 | Create | Villager (Male) |
| 19:44 | Create | Villager (Male) |
| 19:55 | Build | Town Center |
| 20:10 | Create | Villager (Male) |
| 20:10 | Create | Villager (Male) |
| 20:21 | Build | House |
| 20:30 | Research | War Galley (upgrade) |
| 20:36 | Create | Villager (Male) |
| 20:38 | Create | Galley |
| 20:51 | Create | Villager (Male) |
| 20:51 | Create | Villager (Male) |
| 20:51 | Create | Villager (Male) |
| 20:51 | Create | Villager (Male) |
| 21:08 | Create | Villager (Male) |
| 21:08 | Create | Villager (Male) |
| 21:15 | Build | Siege Workshop |
| 21:18 | Create | Villager (Male) |
| 21:52 | Create | Villager (Male) |
| 21:52 | Create | Villager (Male) |
| 21:52 | Create | Villager (Male) |
| 21:53 | Create | Villager (Male) |
| 21:54 | Create | Galley |
| 21:55 | Create | Galley |
| 22:04 | Build | University |
| 22:15 | Create | Villager (Male) |
| 22:19 | Build | Farm |
| 22:20 | Build | Farm |
| 22:20 | Build | Farm |
| 22:20 | Build | Farm |
| 22:21 | Build | Farm |
| 22:21 | Build | Farm |
| 22:25 | Create | Villager (Male) |
| 22:26 | Create | Villager (Male) |
| 22:50 | Build | House |
| 22:53 | Build | House |
| 23:08 | Build | Farm |
| 23:08 | Build | Farm |
| 23:08 | Build | Farm |
| 23:10 | Create | Villager (Male) |
| 23:10 | Create | Villager (Male) |
| 23:11 | Create | Villager (Male) |
| 23:11 | Create | Villager (Male) |
| 23:19 | Research | Ballistics |
| 23:19 | Research | Ballistics |
| 23:19 | Create | Villager (Male) |
| 23:20 | Create | Villager (Male) |
| 23:29 | Build | House |
| 23:32 | Create | Villager (Male) |
| 23:35 | Create | Galley |
| 23:45 | Create | Villager (Male) |
| 24:03 | Create | Galley |
Match timeline
| 0:16 | ulusan.ersan · first_building Dock |
| 0:33 | Sell_my_vills_for_wood · first_building Dock |
| 0:44 | Com2us · first_building Dock |
| 0:46 | bipeng2008 · first_building Dock |
| 0:47 | Over_Easy · first_building Dock |
| 0:57 | timduglass · first_building Dock |
| 1:33 | rama xstar · first_building Dock |
| 2:32 | Williii · first_building Dock |
| 5:07 | rama xstar · wall_segment Palisade Wall x1 |
| 7:53 | bipeng2008 · wall_segment Palisade Wall x2 |
| 8:22 | Sell_my_vills_for_wood · wall_segment Palisade Wall x2 |
| 8:29 | bipeng2008 · wall_segment Palisade Wall x8 |
| 9:02 | Com2us · wall_segment Palisade Wall x4 |
| 9:08 | rama xstar · wall_segment Palisade Wall x1 |
| 9:09 | rama xstar · wall_segment Palisade Wall x1 |
| 9:16 | Com2us · wall_segment Palisade Wall x7 |
| 9:31 | rama xstar · wall_segment Palisade Wall x1 |
| 9:32 | rama xstar · wall_segment Palisade Wall x1 |
| 9:32 | rama xstar · wall_segment Palisade Wall x1 |
| 9:53 | bipeng2008 · wall_segment Palisade Wall x8 |
| 11:59 | ulusan.ersan · wall_segment Palisade Wall x1 |
| 12:01 | bipeng2008 · wall_segment Palisade Wall x3 |
| 12:02 | bipeng2008 · wall_segment Palisade Wall x2 |
| 12:04 | ulusan.ersan · wall_segment Palisade Wall x1 |
| 12:06 | ulusan.ersan · wall_segment Palisade Wall x1 |
| 12:10 | ulusan.ersan · wall_segment Palisade Wall x1 |
| 12:12 | ulusan.ersan · wall_segment Palisade Wall x1 |
| 12:12 | rama xstar · wall_segment Palisade Wall x1 |
| 12:13 | ulusan.ersan · wall_segment Palisade Wall x1 |
| 12:15 | rama xstar · wall_segment Palisade Wall x1 |
| 12:16 | rama xstar · wall_segment Palisade Wall x1 |
| 12:17 | rama xstar · wall_segment Palisade Wall x1 |
| 12:47 | Williii · wall_segment Palisade Wall x1 |
| 12:51 | Over_Easy · first_building Barracks |
| 12:51 | Sell_my_vills_for_wood · wall_segment Palisade Wall x3 |
| 12:55 | bipeng2008 · wall_segment Palisade Wall x4 |
| 12:56 | timduglass · age_up feudal |
| 12:56 | bipeng2008 · wall_segment Palisade Wall x1 |
| 13:00 | ulusan.ersan · age_up feudal |
| 13:04 | Over_Easy · age_up feudal |
| 13:16 | bipeng2008 · wall_segment Palisade Wall x1 |
| 13:24 | Sell_my_vills_for_wood · wall_segment Palisade Wall x1 |
| 13:27 | Sell_my_vills_for_wood · wall_segment Palisade Wall x2 |
| 13:30 | Sell_my_vills_for_wood · wall_segment Palisade Wall x1 |
| 13:38 | Sell_my_vills_for_wood · age_up feudal |
| 13:40 | bipeng2008 · wall_segment Palisade Wall x1 |
| 13:42 | rama xstar · wall_segment Palisade Wall x1 |
| 13:43 | rama xstar · wall_segment Palisade Wall x1 |
| 13:47 | bipeng2008 · wall_segment Palisade Wall x1 |
| 13:56 | ulusan.ersan · first_market_buy 100 food |
| 14:12 | Com2us · age_up feudal |
| 14:38 | Williii · age_up feudal |
| 14:43 | bipeng2008 · wall_segment Palisade Wall x1 |
| 15:05 | ulusan.ersan · wall_segment Palisade Wall x6 |
| 15:09 | Over_Easy · first_building Stable |
| 15:10 | ulusan.ersan · wall_segment Palisade Wall x1 |
| 15:13 | ulusan.ersan · wall_segment Palisade Wall x1 |
| 15:15 | Sell_my_vills_for_wood · first_market_sell 100 stone |
| 15:16 | bipeng2008 · wall_segment Palisade Wall x4 |
| 15:20 | ulusan.ersan · first_market_sell 100 wood |
| 15:22 | bipeng2008 · first_building Barracks |
| 15:24 | Sell_my_vills_for_wood · wall_segment Palisade Wall x3 |
| 15:26 | rama xstar · first_building Barracks |
| 15:37 | rama xstar · age_up feudal |
| 15:43 | bipeng2008 · age_up feudal |
| 16:27 | bipeng2008 · first_building Archery Range |
| 16:37 | Sell_my_vills_for_wood · wall_segment Palisade Wall x3 |
| 16:48 | bipeng2008 · wall_segment Palisade Wall x5 |
| 17:05 | rama xstar · wall_segment Palisade Wall x1 |
| 17:06 | rama xstar · wall_segment Palisade Wall x1 |
| 17:10 | rama xstar · wall_segment Palisade Wall x1 |
| 17:11 | timduglass · age_up castle |
| 17:12 | timduglass · first_market_buy 100 stone |
| 17:14 | timduglass · first_market_sell 100 food |
| 17:20 | timduglass · first_building Castle |
| 17:26 | Williii · wall_segment Palisade Wall x8 |
| 17:36 | Sell_my_vills_for_wood · wall_segment Palisade Wall x1 |
| 17:36 | bipeng2008 · wall_segment Palisade Wall x2 |
| 17:44 | rama xstar · wall_segment Palisade Wall x1 |
| 17:57 | Sell_my_vills_for_wood · age_up castle |
| 18:04 | ulusan.ersan · age_up castle |
| 18:12 | Sell_my_vills_for_wood · first_building Castle |
| 18:17 | ulusan.ersan · wall_segment Palisade Wall x1 |
| 18:21 | Over_Easy · age_up castle |
| 18:53 | Sell_my_vills_for_wood · wall_segment Palisade Wall x2 |
| 18:55 | rama xstar · first_building Stable |
| 19:31 | Com2us · first_market_buy 100 stone |
| 19:33 | Sell_my_vills_for_wood · first_building Siege Workshop |
| 19:35 | Com2us · age_up castle |
| 19:45 | bipeng2008 · age_up castle |
| 20:15 | Com2us · first_building Castle |
| 20:17 | Williii · age_up castle |
| 20:39 | Sell_my_vills_for_wood · wall_segment Palisade Wall x3 |
| 21:01 | timduglass · first_building Monastery |
| 21:01 | bipeng2008 · first_building Siege Workshop |
| 21:15 | ulusan.ersan · first_building Siege Workshop |
| 21:22 | Williii · first_building Castle |
| 21:43 | Com2us · wall_segment Stone Wall x6 |
| 22:07 | Com2us · wall_segment Stone Wall x9 |
| 22:14 | Over_Easy · first_building Siege Workshop |
| 22:29 | rama xstar · age_up castle |
| 23:35 | Sell_my_vills_for_wood · wall_segment Palisade Wall x3 |
| 24:50 | timduglass · first_building Siege Workshop |
| 25:39 | Williii · first_building Barracks |
| 25:55 | Williii · wall_segment Palisade Wall x1 |
| 26:06 | Com2us · first_market_sell 100 food |
| 27:16 | bipeng2008 · first_building Monastery |
| 27:19 | Sell_my_vills_for_wood · first_market_buy 100 food |
| 28:05 | Over_Easy · first_market_buy 100 food |
| 28:25 | Com2us · wall_segment Stone Wall x4 |
| 28:44 | Com2us · wall_segment Stone Wall x5 |
| 29:03 | Com2us · wall_segment Stone Wall x7 |
| 29:18 | Com2us · age_up imperial |
| 29:27 | Com2us · wall_segment Stone Wall x1 |
| 29:39 | bipeng2008 · first_market_buy 100 food |
| 30:04 | Com2us · wall_segment Stone Wall x1 |
| 30:14 | bipeng2008 · first_building Castle |
| 31:23 | Sell_my_vills_for_wood · age_up imperial |
| 32:50 | bipeng2008 · age_up imperial |
| 34:19 | ulusan.ersan · age_up imperial |
| 34:25 | ulusan.ersan · first_building Castle |
| 34:45 | Com2us · wall_segment Stone Wall x12 |
| 35:08 | Com2us · wall_segment Stone Wall x1 |
| 35:09 | Com2us · wall_segment Stone Wall x1 |
| 36:45 | Over_Easy · first_building Castle |
| 37:56 | Com2us · first_building Barracks |
| 38:03 | Williii · age_up imperial |
| 38:24 | timduglass · first_building Barracks |
| 38:43 | Com2us · first_building Archery Range |
| 38:58 | Sell_my_vills_for_wood · first_building Barracks |
| 39:10 | timduglass · age_up imperial |
| 40:01 | Over_Easy · first_market_sell 100 food |
| 41:30 | Over_Easy · age_up imperial |
| 41:49 | timduglass · first_building Stable |
| 44:08 | rama xstar · first_market_sell 100 wood |
| 44:27 | Over_Easy · resign |
[ AI ANALYSIS · 1 CREDIT ]
What really happened in this match?
Wolo.gg analyzes every decision: build order, eco, micro, common mistakes by bracket. Personalized analysis on WhatsApp or Discord in 30 seconds.
Civ guide
Teutons
Perfil
Jugador #239860